 Dungeon Crawl Stone Soup version 0.21.1-1-g345015f (webtiles) character file.

5197 RENEGADE the Magician (level 10, -8/58 HPs)
             Began as a Kobold Venom Mage on July 4, 2018.
             Was a High Priest of Cheibriados.
             Mangled by a death yak (12 damage)
             ... on level 10 of the Dungeon on July 7, 2018.
             The game lasted 02:35:49 (12991 turns).

RENEGADE the Magician (Kobold Venom Mage)          Turns: 12991, Time: 02:35:49

Health: -8/58      AC:  9    Str: 18      XL:     10   Next: 91%
Magic:  0/30       EV: 19    Int: 30      God:    Cheibriados [*****.]
Gold:   286        SH:  0    Dex: 25 (26) Spells: 3/23 levels left

rFire    . . .     SeeInvis .   m - staff of energy
rCold    . . .     Gourm    .   (shield currently unavailable)
rNeg     . . .     Faith    .   i - +0 robe
rPois    .         Spirit   +   e - +2 helmet
rElec    .         Reflect  .   x - +0 cloak
rCorr    .         Harm     .   v - +2 pair of gloves
MR       +++..                  (no boots)
Stlth    +++.......             o - amulet of guardian spirit
HPRegen  0.19/turn              h - ring of magical power
MPRegen  0.22/turn              H - ring of protection from magic

@: very slightly contaminated, heavily drained, very slow
A: small, carnivore, magic resistance 2, mutation resistance 2
a: Bend Time, Temporal Distortion, Slouch, Step From Time, Renounce Religion


You were on level 10 of the Dungeon.
You worshipped Cheibriados.
Cheibriados was extremely pleased with you.
You were not hungry.

You visited 1 branch of the dungeon, and saw 10 of its levels.

You collected 706 gold pieces.
You spent 420 gold pieces at shops.

Inventory:

Hand Weapons
 r - a +4 short sword of venom
Armour
 e - a +2 helmet (worn)
 i - a +0 robe (worn)
 v - a +2 pair of gloves (worn)
 x - a +0 cloak (worn)
Magical Staves
 m - an uncursed staff of energy (weapon)
 t - an uncursed staff of cold
 F - an uncursed staff of earth
Jewellery
 h - a ring of magical power (left hand)
 o - an amulet of guardian spirit (around neck)
 p - a +2 ring of dexterity
 u - an uncursed ring of resist corrosion
 A - an uncursed amulet of rage {unknown}
 D - an uncursed ring of fire
 H - a ring of protection from magic (right hand)
Wands
 d - a wand of digging (8)
 y - a wand of disintegration (11)
 z - a wand of flame (26)
 G - a wand of iceblast (5)
Scrolls
 a - a scroll of magic mapping
 j - 5 scrolls of remove curse
 k - 5 scrolls of amnesia
 n - 2 scrolls of random uselessness
 w - 3 scrolls of teleportation
 B - a scroll of enchant weapon
 E - a scroll of fear {unknown}
Potions
 f - a potion of brilliance
 g - 2 potions of cancellation
 l - 2 potions of curing
 q - a potion of resistance
 s - a potion of agility
Books
 b - a Young Poisoner's Handbook

   Spells                             Type                      Level
   a - Sting                          Conjuration/Poison           1
   b - Poisonous Vapours              Poison/Air                   2
   c - Mephitic Cloud                 Conjuration/Poison/Air       3
   d - Olgreb's Toxic Radiance        Poison                       4
   e - Venom Bolt                     Conjuration/Poison           5
 C - a book of Frost

   Spells                             Type                      Level
   a - Freeze                         Ice                          1
   b - Throw Frost                    Conjuration/Ice              2
   c - Ozocubu's Armour               Charms/Ice                   3
   d - Throw Icicle                   Conjuration/Ice              4
   e - Summon Ice Beast               Ice/Summoning                4
Comestibles
 c - 21 rations


   Skills:
 + Level 4.5(3.2) Fighting
 + Level 5.7(4.4) Short Blades
 + Level 2.5(1.3) Staves
 + Level 5.7(4.4) Dodging
 + Level 5.6(4.2) Stealth
 + Level 7.3(5.9) Spellcasting
 + Level 5.7(4.3) Conjurations
 + Level 1.4(0.2) Summonings
 + Level 2.9(1.7) Ice Magic
 + Level 2.5(1.2) Air Magic
 + Level 6.5(5.1) Poison Magic
 + Level 3.1(1.8) Invocations
 + Level 3.1(1.9) Evocations


You had 3 spell levels left.
You knew the following spells:

 Your Spells              Type           Power        Failure   Level  Hunger
a - Sting                 Conj/Pois      ####         1%          1    None
b - Mephitic Cloud        Conj/Pois/Air  ####....     3%          3    None
c - Olgreb's Toxic Radia  Pois           #####...     6%          4    None
d - Venom Bolt            Conj/Pois      #####.....   21%         5    None
e - Poisonous Vapours     Pois/Air       ####..       2%          2    None
f - Summon Ice Beast      Ice/Summ       ##......     34%         4    None
g - Freeze                Ice            ###.         2%          1    None


Dungeon Overview and Level Annotations

Branches:
Dungeon (10/15)            Temple (0/1) D:5            Lair (0/6) D:10
    Orc (0/2) D:9

Altars:
Cheibriados
Zin

Shops:
D:7 :

Annotations:
D:10 Nergalle


Innate Abilities, Weirdness & Mutations

You are small and have problems with some larger weapons.
You are carnivorous and can eat meat at any time.
You are highly resistant to hostile enchantments. (MR++)
You are somewhat resistant to both further mutation and mutation removal.


Message History

Nergalle points at the spectral orc warrior and mumbles some strange words.
The spectral orc warrior seems to speed up.
Your surroundings suddenly seem different.
A death yak comes into view.
The death yak bellows!
A death yak comes into view.
The death yak bellows!
A death yak comes into view.
The death yak bellows!
A death yak comes into view.
The death yak bellows!
Found four items.
Found a staircase to the Lair. 2 death yaks and a wraith come into view.
You can feel time thicken for a moment.
You feel somewhat more hungry.
Cheibriados lowers the support of your attributes as your movement quickens.
The death yak misses you. The death yak gores you!!
* * * LOW HITPOINT WARNING * * *
The death yak gores you!
You die...

..... ...(.
.....#####....#
.............##
......:...... ...?......
####......
##.......###...
.#.....$Y.......
.......@YY......
.......YY.#...#.
.#....#YW..#....
#....#......... .....
..........
##+#+######...
..........
......<..(..........W...
...........#.######.#W..
......######


You could see 6 death yaks and 3 wraiths.

Vanquished Creatures
  2 trolls (D:9)
  Grinder (D:6)
  Prince Ribbit (D:6)
  A wyvern (D:9)
  3 yaks (D:7)
  A hungry ghost (D:9)
  Duvessa (D:6)
  2 orc warriors
  A sky beast (D:9)
  A phantom (D:8)
  A hornet zombie (D:8)
  An ice beast (D:6)
  A centaur (D:10)
  A big kobold (D:8)
  A gnoll sergeant (D:9)
  4 bullfrogs
  3 scorpions
  A howler monkey (D:4)
  10 wights
  5 crimson imps
  A bullfrog zombie (D:8)
  3 hounds
  Crazy Yiuf (D:4)
  3 jellies
  7 orc wizards
  7 orc priests
  An iguana (D:4)
  A bullfrog skeleton (D:7)
  A centaur skeleton (D:4)
  2 worker ants
  2 ogre zombies (D:9)
  A worker ant zombie (D:6)
  2 gnolls
  11 adders
  4 shadow imps
  An ooze (D:4)
  An adder skeleton (D:8)
  4 dart slugs
  3 leopard geckos
  34 orcs
  A ball python (D:3)
  6 giant cockroaches
  6 hobgoblins
  13 jackals
  7 quokkas
  7 bats
  5 frilled lizards
  3 goblins
  2 goblin skeletons (D:9)
  A goblin zombie (D:9)
  A hobgoblin skeleton (D:9)
  A hobgoblin zombie (D:9)
  11 kobolds
  5 orc zombies (D:9)
  A quokka skeleton (D:6)
  8 rats
  A fungus (D:4)
211 creatures vanquished.

Vanquished Creatures (collateral kills)
  A troll (D:9)
  A hippogriff (D:8)
  A hungry ghost (D:9)
  A sky beast (D:8)
  A black bear (D:9)
  A centaur (D:8)
  A scorpion (D:9)
  3 troll zombies (D:9)
  2 wights
  A quasit (D:9)
  A hound (D:8)
  An orc priest (D:9)
  2 orc wizards (D:9)
  3 ogre zombies (D:9)
  A gnoll (D:9)
  2 shadow imps (D:9)
  An adder zombie (D:10)
  2 orcs (D:8)
  2 goblin zombies (D:9)
  A hobgoblin zombie (D:9)
  An orc skeleton (D:9)
  9 orc zombies (D:9)
39 creatures vanquished.

Vanquished Creatures (others)
  An ogre (D:7)
  Dowan (D:6)
  A goblin skeleton (D:9)
  A goblin zombie (D:9)
4 creatures vanquished.

Grand Total: 254 creatures vanquished

Notes
Turn   | Place    | Note
-------+----------+-------------------------------------------
     0 | D:1      | RENEGADE the Kobold Venom Mage began the quest for the Orb.
     0 | D:1      | Reached XP level 1. HP: 10/10 MP: 3/3
   235 | D:1      | Reached XP level 2. HP: 12/15 MP: 0/5
   358 | D:1      | Found a snail-covered altar of Cheibriados.
   379 | D:1      | Became a worshipper of Cheibriados the Contemplative
   557 | D:1      | Reached XP level 3. HP: 17/19 MP: 6/6
  1002 | D:2      | Found a glowing silver altar of Zin.
  1141 | D:2      | Reached * piety under Cheibriados
  1266 | D:2      | Learned a level 3 spell: Mephitic Cloud
  1520 | D:2      | Reached XP level 4. HP: 24/24 MP: 8/8
  1560 | D:3      | Reached skill level 1 in Fighting
  1570 | D:3      | Reached skill level 3 in Spellcasting
  1854 | D:3      | Reached ** piety under Cheibriados
  2164 | D:3      | Reached XP level 5. HP: 29/29 MP: 9/9
  2977 | D:4      | Reached XP level 6. HP: 26/34 MP: 10/11
  3297 | D:4      | Learned a level 4 spell: Olgreb's Toxic Radiance
  3412 | D:4      | Reached *** piety under Cheibriados
  4387 | D:4      | Found a runed door.
  4391 | D:4      | Noticed Crazy Yiuf
  4397 | D:4      | Killed Crazy Yiuf
  4397 | D:4      | Reached skill level 1 in Short Blades
  4455 | D:5      | Entered Level 5 of the Dungeon
  4728 | D:5      | Found a staircase to the Ecumenical Temple.
  4805 | D:5      | Reached skill level 4 in Spellcasting
  4816 | D:5      | Reached XP level 7. HP: 32/40 MP: 13/13
  5566 | D:6      | Noticed Dowan
  5567 | D:6      | Noticed Duvessa
  5579 | D:6      | Reached **** piety under Cheibriados
  5585 | D:6      | Killed Duvessa
  5585 | D:6      | Reached XP level 8. HP: 40/45 MP: 0/15
  5585 | D:6      | Killed Dowan
  5811 | D:6      | Noticed Prince Ribbit
  5875 | D:6      | Reached skill level 5 in Spellcasting
  6048 | D:6      | Noticed Grinder
  6050 | D:6      | Paralysed by Grinder for 5 turns
  6120 | D:6      | Killed Grinder
  6120 | D:6      | Reached skill level 5 in Poison Magic
  6380 | D:6      | Learned a level 5 spell: Venom Bolt
  6537 | D:6      | Gained mutation: You have large cloven feet. [potion of mutation]
  6537 | D:6      | Gained mutation: Your magical capacity is low. (-10% MP) [potion of mutation]
  6537 | D:6      | Gained mutation: You are resistant to hostile enchantments. (MR+) [potion of mutation]
  6537 | D:6      | Gained mutation: You are somewhat resistant to further mutation. [potion of mutation]
  6642 | D:6      | Reached XP level 9. HP: 37/51 MP: 15/15
  6646 | D:6      | Killed Prince Ribbit
  6660 | D:6      | Learned a level 2 spell: Poisonous Vapours
  6718 | D:6      | Reached skill level 5 in Short Blades
  6853 | D:7      | Lost mutation: Your magical capacity is low. (-10% MP) [potion of mutation]
  6853 | D:7      | Lost mutation: You have large cloven feet. [potion of mutation]
  6853 | D:7      | Gained mutation: You are somewhat resistant to both further mutation and mutation removal. [potion of mutation]
  6853 | D:7      | Gained mutation: You are highly resistant to hostile enchantments. (MR++) [potion of mutation]
  6982 | D:7      | Reached skill level 1 in Evocations
  7049 | D:7      | Reached skill level 1 in Air Magic
  7049 | D:7      | Reached skill level 1 in Invocations
  7432 | D:7      | Reached skill level 5 in Dodging
  7688 | D:7      | Reached skill level 6 in Spellcasting
  8333 | D:7      | Found Comea's Book Boutique.
  8355 | D:7      | Bought a book of Frost for 420 gold pieces
  8360 | D:7      | Learned a level 4 spell: Summon Ice Beast
  8362 | D:7      | Learned a level 1 spell: Freeze
  8424 | D:8      | Reached skill level 5 in Conjurations
  8470 | D:8      | Noticed a hippogriff
  8480 | D:8      | Killed a hippogriff
  8480 | D:8      | Reached skill level 5 in Stealth
  8480 | D:8      | Reached XP level 10. HP: 23/56 MP: 8/19
  8692 | D:8      | Reached ***** piety under Cheibriados
  8704 | D:8      | Reached skill level 1 in Staves
  9148 | D:8      | Reached skill level 1 in Ice Magic
 10662 | D:10     | Entered Level 10 of the Dungeon
 11184 | D:9      | Reached skill level 1 in Summonings
 11632 | D:9      | Found a staircase to the Orcish Mines.
 11706 | D:9      | Reached skill level 7 in Spellcasting
 12970 | D:10     | Noticed Nergalle
 12989 | D:10     | Found a staircase to the Lair.
 12989 | D:10     | Noticed a death yak
 12989 | D:10     | Noticed a death yak
 12989 | D:10     | Noticed a death yak
 12989 | D:10     | Noticed a death yak
 12990 | D:10     | Noticed a death yak
 12990 | D:10     | Noticed a death yak
 12991 | D:10     | Mangled by a death yak

Skill      XL: |  1  2  3  4  5  6  7  8  9 10 |
---------------+-------------------------------+-----
Stealth        | 3 5 |  5.6
Dodging        | 3 4 5 |  5.7
Fighting       | 1 2 3 4 |  4.5
Spellcasting   | 3 4 5 6 7 |  7.3
Conjurations   | 2 3 4 5 |  5.7
Poison Magic   | 4 5 6 |  6.5
Short Blades   | 1 2 4 5 |  5.7
Evocations     | 2 3 |  3.1
Air Magic      | 2 |  2.5
Invocations    | 2 3 |  3.1
Staves         | 2 |  2.5
Ice Magic      | 2 |  2.9
Summonings     | 1 |  1.4

Action                   |  1- 3 |  4- 6 |  7- 9 | 10-12 || total
-------------------------+-------+-------+-------+-------++-------
Melee: Unarmed           |    34 |       |       |       ||    34
       Mace              |    10 |     3 |       |       ||    13
       Short sword       |       |   112 |   169 |     7 ||   288
       Kick              |       |       |     5 |       ||     5
       Staff             |       |       |   124 |   282 ||   406
 Cast: Sting             |    67 |   134 |   139 |    72 ||   412
       Mephitic Cloud    |     1 |     7 |     7 |     4 ||    19
       Olgreb's Toxic Ra |       |     3 |    10 |     8 ||    21
       Poisonous Vapours |       |       |     3 |     6 ||     9
       Venom Bolt        |       |       |     3 |     4 ||     7
       Summon Ice Beast  |       |       |     2 |    45 ||    47
       Freeze            |       |       |     2 |    17 ||    19
Invok: Bend Time         |       |     1 |       |       ||     1
       Slouch            |       |       |     1 |     4 ||     5
Evoke: Wand              |       |       |     6 |    10 ||    16
  Use: Scroll            |     3 |     5 |     6 |     6 ||    20
       Potion            |       |       |    15 |     4 ||    19
 Stab: Confused          |       |     3 |       |       ||     3
       Distracted        |       |       |       |    10 ||    10
  Eat: Chunk             |    11 |     5 |     8 |    10 ||    34
Armor: Robe              |    25 |    17 |    60 |    78 ||   180
Dodge: Dodged            |   104 |   143 |   311 |   373 ||   931
